 Dungeon Crawl Stone Soup version 0.24.1-14-gf8d2b509d9 (webtiles) character file.

Game seed: 17339024160928652500, levelgen mode: deterministic

1023 Froggeryz the Cudgeler (level 8, -2/56 HPs)
             Began as an Octopode Berserker on Nov 17, 2022.
             Was a Priest of Trog.
             Killed from afar by an orc wizard (9 damage)
             ... with a puff of flame
             ... on level 5 of the Dungeon.
             The game lasted 00:05:21 (4943 turns).

Froggeryz the Cudgeler (Octopode Berserker)         Turns: 4943, Time: 00:05:23

Health: -2/56      AC:  3    Str: 18    XL:     8   Next: 22%
Magic:  8/8        EV: 15    Int: 10    God:    Trog [***...]
Gold:   105        SH:  0    Dex: 19    Spells: 7/7 levels left

rFire    . . .     SeeInvis .   a - +0 mace
rCold    . . .     Gourm    .   (no shield)
rNeg     . . .     Faith    .   m - +2 hat
rPois    .         Spirit   .   (no amulet)
rElec    .         Reflect  .   k - +2 ring of strength
rCorr    .         Harm     .   i - +6 ring of dexterity
MR       .....                  (no ring)
Stlth    +++.......             (no ring)
HPRegen  0.18/turn              (no ring)
MPRegen  0.11/turn              (no ring)
                                (no ring)
                                (no ring)

@: lethally poisoned (-2 -> -6)
A: almost no armour, stealthy swim, amphibious, 8 rings, constrict 8, camouflage
1, gelatinous body 1
a: Berserk, Trog's Hand, Renounce Religion


You were on level 5 of the Dungeon.
You worshipped Trog.
Trog was most pleased with you.
You were very hungry.

You visited 1 branch of the dungeon, and saw 5 of its levels.

You collected 105 gold pieces.

Inventory:

Hand Weapons
 a - a +0 mace (weapon)
Missiles
 j - 37 poisoned darts (quivered)
 p - 5 boomerangs
Armour
 m - a +2 hat (worn)
Jewellery
 i - a +6 ring of dexterity (right tentacle)
 k - a +2 ring of strength (left tentacle)
Wands
 v - a wand of iceblast (3)
 w - a wand of polymorph (7)
Scrolls
 d - 2 scrolls of enchant armour {unknown}
 n - 2 scrolls of remove curse {unknown}
 q - 2 scrolls of noise {unknown}
 r - a scroll of amnesia {unknown}
 s - 2 scrolls of identify {unknown}
 t - 3 scrolls of teleportation {unknown}
 x - a scroll of enchant weapon {unknown}
Potions
 c - 3 potions of heal wounds {unknown}
 e - 2 potions of resistance {unknown}
 f - 2 potions of haste {unknown}
 g - 2 potions of flight {unknown}
 h - a potion of brilliance {unknown}
 l - 3 potions of lignification {unknown}
 o - 2 potions of mutation {unknown}
 u - a potion of agility {unknown}
Comestibles
 b - 7 rations


   Skills:
 + Level 5.6 Fighting
 * Level 7.5 Maces & Flails
 + Level 3.8 Throwing
 - Level 3.0 Dodging


You had 7 spell levels left.
You didn't know any spells.
Your spell library was empty.

Dungeon Overview and Level Annotations

Branches:
Dungeon (5/15)
 Temple: D:4-7

Altars:


Innate Abilities, Weirdness & Mutations

You cannot wear most types of armour.
You are very stealthy in the water. (Stealth+)
You are amphibious.
You can wear up to eight rings at the same time.
You can use your tentacles to constrict eight enemies at once.
Your skin changes colour to match your surroundings (Stealth+).
Your rubbery body absorbs attacks. (AC +1, EV +1)


Message History

You hit the orc wizard. Your grab misses the orc wizard.
Your squeeze misses the orc wizard.
The orc wizard is heavily wounded.
You feel sick. The orc wizard closely misses you. The orc closely misses you.
You hit the orc wizard but do no damage.
Your grab misses the orc wizard.
The orc wizard is heavily wounded.
The orc wizard hits you with a +0 dagger.
You barely miss the orc wizard. Your grab misses the orc wizard.
The orc wizard is heavily wounded.
You feel sick. The orc completely misses you.
The orc wizard hits you with a +0 dagger.
* * * LOW HITPOINT WARNING * * *
You hit the orc wizard. Your grab misses the orc wizard.
The orc wizard is severely wounded.
You feel sick. The orc hits you with a +0 hand axe.
* * * LOW HITPOINT WARNING * * *
The orc wizard points at you and mumbles some strange words.
The puff of flame hits you!
You die...

............####...######
..........รท...###........
.../.......##...#........
............###.#........
.............##...###.###
#.....o....#.............
#................####)###
#......o..###.......#.#
.......o@.# #.......#.#
....../.).# #.......#.#
#........# #.......#.#
.......#.# #####.....#
####...... ...... ........
...... ##....... ......
#### #### ...


You could see an orc wizard and 2 orcs.

Vanquished Creatures
  An orc warrior (D:3)
  A phantom (D:3)
  An ice beast (D:5)
  An ogre (D:5)
  Blork the orc (D:4)
  A scorpion (D:5)
  A howler monkey (D:5)
  2 orc priests (D:3)
  A centaur skeleton (D:4)
  2 iguanas
  An orc wizard (D:5)
  Jessica (D:2)
  A worker ant (D:2)
  2 howler monkey skeletons
  2 adders (D:5)
  3 gnolls (D:3)
  An ooze (D:2)
  An adder skeleton (D:4)
  2 worms
  6 dart slugs
  2 leopard geckos
  7 orcs
  5 giant cockroaches
  5 goblins
  7 hobgoblins
  5 jackals
  5 quokkas
  3 ball pythons
  5 bats
  4 frilled lizards
  A giant cockroach zombie (D:2)
  6 kobolds
  12 rats
99 creatures vanquished.

Vanquished Creatures (others)
  A water moccasin (D:5)
1 creature vanquished.

Grand Total: 100 creatures vanquished

Notes
Turn   | Place    | Note
-------+----------+-------------------------------------------
     0 | D:1      | Froggeryz the Octopode Berserker began the quest for the
                  | Orb.
     0 | D:1      | Reached XP level 1. HP: 16/16 MP: 1/1
   212 | D:1      | Reached XP level 2. HP: 21/21 MP: 2/2
   900 | D:2      | Reached XP level 3. HP: 26/26 MP: 3/3
  1028 | D:2      | Reached skill level 4 in Maces & Flails
  1197 | D:2      | Reached ** piety under Trog
  1461 | D:2      | Noticed Jessica
  1467 | D:2      | Killed Jessica
  1467 | D:2      | Reached XP level 4. HP: 33/33 MP: 4/4
  2003 | D:2      | Reached XP level 5. HP: 37/37 MP: 5/5
  2176 | D:3      | Reached skill level 5 in Maces & Flails
  2268 | D:3      | Reached skill level 1 in Throwing
  2372 | D:3      | Noticed a phantom
  2390 | D:3      | Killed a phantom
  2390 | D:3      | Reached XP level 6. HP: 16/44 MP: 6/6
  2952 | D:3      | Noticed an orc warrior
  3177 | D:3      | Killed an orc warrior
  3177 | D:3      | Reached skill level 6 in Maces & Flails
  3291 | D:3      | Reached XP level 7. HP: 44/49 MP: 7/7
  3919 | D:4      | Noticed Blork the orc
  3926 | D:4      | Killed Blork the orc
  4209 | D:4      | Reached *** piety under Trog
  4332 | D:5      | Entered Level 5 of the Dungeon
  4344 | D:5      | Reached skill level 5 in Fighting
  4475 | D:5      | Reached skill level 7 in Maces & Flails
  4579 | D:5      | Reached XP level 8. HP: 38/56 MP: 8/8
  4943 | D:5      | Killed from afar by an orc wizard

Levels and vault maps discovered:
D:1:      ncdulo_smallfort, layout_loops_ring
D:2:      layout_basic, dk_noncrumbling_3, uniq_jessica
D:3:      layout_loops_corners, first_ration, kennysheep_cross_bottleneck
D:4:      layout_basic, uniq_blork_the_orc
D:5:      layout_rooms, serial_shops, nicolae_shop_stone

Skill      XL: |  1  2  3  4  5  6  7 |
---------------+----------------------+-----
Maces & Flails | 4 5 6 7 |  7.5
Fighting       | 4 5 |  5.6
Throwing       | 1 2 3 |  3.8
Dodging        | |  3.0

Action                   |  1- 3 |  4- 6 |  7- 9 || total
-------------------------+-------+-------+-------++-------
Melee: Mace              |    63 |    74 |    83 ||   220
       Constrict         |    19 |    19 |    17 ||    55
       Tentacles         |    13 |    23 |    19 ||    55
Throw: Dart              |       |       |     2 ||     2
Invok: Berserk           |       |     2 |     1 ||     3
Evoke: Wand              |       |       |     1 ||     1
 Stab: Sleeping          |     5 |     6 |     3 ||    14
       Distracted        |     1 |     1 |     2 ||     4
  Eat: Chunk             |     1 |     5 |     5 ||    11
       Ration            |       |     1 |       ||     1
Armor: Skin              |     6 |     4 |     8 ||    18
Dodge: Dodged            |    37 |    44 |    50 ||   131
